Unix NetHack Version 5.0.0-0 post-release - last build May  4 2026 22:22:43 (774f63e81ad911689b3a0859ea89b322d5daca8d,branch:main).

Game began 2026-05-06 05:03:15, ended 2026-05-06 05:21:45.

2460080212, lawful female human Valkyrie

               ---    ----------
    -----   ----.--  --.....--.|
 ----.|.-----..(^.-- |.........|
 |.......--........| ---.|.....|
 |.............).)-----..|-..---
 |.....--(--.--.<.|.....------
 --.---####-#---..).-----
  ---   ###*## |....|      -----
        #### #--....--------...----
      `#*   #|...|...--.........-|.
          ---#.|.|............`..|..
       ----....|.................|-.
       |.....................>.--- ..     ----
       |.......................|   -.------..--
       --.......^......-.......------...--....|
        --.......................|...G@.).....|
         |.............)...........|.....f....|
         |.............---.|....---|.`........|
         ---..--..|.---- ----..--  --.---.|.---
           ----------       ----    --- -----
2460080212 the Skirmisher   St:18/01 Dx:12 Co:18 In:8 Wi:10 Ch:8  Lawful
Dlvl:4  $:60 HP:0(32) Pw:11(11) AC:6  Xp:3 T:2027  Hungry  

Latest messages:
 You try to move the boulder, but in vain.
 You see here 6 rocks.
 You are carrying too much to get through.
 You swap places with your kitten.
 You see here 9 rocks.
 You see here 2 crossbow bolts.
 You see here 2 crossbow bolts.
 The kitten picks up a crossbow bolt.
 The kitten drops a crossbow bolt.
 You swap places with your kitten.
 You swap places with your kitten.
 You hear crashing rock.
 The kitten suddenly falls asleep!
 A little dart shoots out at you!
 A little dart misses you.
 You are beginning to feel hungry.
 The dwarf thrusts his dagger.
 The dwarf hits!
 You kill the dwarf!
 You swap places with your kitten.
 You have a little trouble lifting a pair of iron shoes.  Continue? [ynq] (q) n
 p - a dwarvish cloak.
 You are carrying too much to get through.
 The gnome lord picks up a pair of iron shoes.
 The gnome lord puts on a pair of iron shoes.
 You stop.  Your kitten is in the way!
 The gnome lord picks up a dagger.
 The gnome lord shoots 2 crossbow bolts!
 The 1st crossbow bolt misses you.
 You are hit by the 2nd crossbow bolt.
 The gnome lord wields a dagger!
 The gnome lord thrusts his dagger.
 The gnome lord hits!
 You hit the gnome lord!
 The gnome lord thrusts his dagger.
 The gnome lord hits!
 You hit the gnome lord!
 You miss the gnome lord.
 The gnome lord drinks a fizzy potion!
 The gnome lord looks completely healed.
 You miss the gnome lord.
 You hit the gnome lord!
 The gnome lord thrusts his dagger.
 The gnome lord hits!
 You die...
 Do you want your possessions identified? [ynq] (y) n
 Do you want to see your attributes? [ynq] (y) n
 Do you want an account of creatures vanquished? [ynaq] (y) n
 Do you want to see your conduct and achievements? [ynq] (y) n
 Do you want to see the dungeon overview? [ynq] (y) n

Inventory:
 Coins    ('$')
  $ - 60 gold pieces
 Weapons  (')')
  o - 6 +0 crossbow bolts
  b - a +0 dagger (alternate weapon; not wielded)
  a - a +1 spear (weapon in right hand)
  g - a +0 two-handed sword
 Armor    ('[')
  j - an uncursed +1 orcish helm
  c - an uncursed +3 small shield (being worn)
  p - an uncursed +0 dwarvish cloak
  f - an uncursed +0 banded mail
  n - an uncursed +0 scale mail
 Comestibles  ('%')
  d - 3 uncursed food rations
 Potions  ('!')
  h - an uncursed potion of extra healing
  k - a cursed potion of speed

2460080212 the Valkyrie's attributes:

Background:
 You were a Skirmisher, a level 3 human Valkyrie.
 You were lawful, nominally on a mission for Tyr
 who was opposed by Odin (neutral) and Loki (chaotic).
 You were right-handed.
 You were in the Gnomish Mines, on level 4.
 You entered the dungeon 2027 turns ago.
 It was nighttime.
 You had 79 experience points, 1 more was needed to attain level 4.

Basics:
 You had 0 out of 32 hit points.
 You had all 11 energy points (spell power).
 Your armor class was 6.
 Your wallet contained 60 zorkmids.
 Autopickup was off.

Final Characteristics:
 Your strength was 18/01 (limit:18/100).
 Your dexterity was 12 (limit:18).
 Your constitution was 18 (limit:18).
 Your intelligence was 8 (limit:18).
 Your wisdom was 10 (limit:18).
 Your charisma was 8 (limit:18).

Final Status:
 You were hungry.
 You were unencumbered.
 You were wielding a spear.
 You had basic skill with spear.

Final Attributes:
 You were devoutly aligned.
 You were cold resistant.
 You were stealthy.
 You are dead.

Miscellaneous:
 You didn't encounter any bones levels.
 Total elapsed playing time was 17 minutes and 31 seconds.

Major events:
 Turn
    1: 2460080212 the lawful human Valkyrie entered the dungeon
 1410: attained the rank of Skirmisher (level 3)
 1806: entered the Gnomish Mines
 2027: killed by a gnome lord

You didn't know any spells.

Skills:
 Fighting Skills
   bare handed combat [Unskilled]
   two weapon combat  [Unskilled]
   riding             [Unskilled]
 Weapon Skills
   dagger             [Basic]
   axe                [Unskilled]
   pick-axe           [Unskilled]
   short sword        [Unskilled]
   broadsword         [Unskilled]
   long sword         [Unskilled]
   two-handed sword   [Unskilled]
   saber              [Unskilled]
   hammer             [Unskilled]
   quarterstaff       [Unskilled]
   polearms           [Unskilled]
   spear              [Basic]
   trident            [Unskilled]
   lance              [Unskilled]
   sling              [Unskilled]
 Spellcasting Skills
   attack spells      [Unskilled]
   escape spells      [Unskilled]

Voluntary challenges:
 Character rerolling was not enabled.
 You were an atheist.
 You were illiterate.
 You never genocided any monsters.
 You never polymorphed an object.
 You never changed form.
 You used no wishes.
Achievements:
 You attained the rank of Skirmisher.
 You entered the Gnomish Mines.

 The Dungeons of Doom: levels 1 to 3
    Level 1:
       A fountain.
    Level 2:
    Level 3:
       Stairs down to The Gnomish Mines.
 The Gnomish Mines:
    Level 4: <- You were here.
       Final resting place for
          you, killed by a gnome lord.


Vanquished creatures:
  a dwarf
  a gas spore
  2 cave spiders
  5 gnomes
  2 geckos
  a fox
  a goblin
  5 grid bugs
  a bat
  2 lichens
  a kobold zombie
  7 newts
29 creatures vanquished.

No species were genocided or became extinct.

Game over:
                       ----------
                      /          \
                     /    REST    \
                    /      IN      \
                   /     PEACE      \
                  /                  \
                  |    2460080212    |
                  |      60 Au       |
                  |   killed by a    |
                  |    gnome lord    |
                  |                  |
                  |                  |
                  |       2026       |
                 *|     *  *  *      | *
        _________)/\\_//(\/(/\)/\//\/|_)_______

Farvel 2460080212 the Valkyrie...

You died in The Gnomish Mines on dungeon level 4 with 520 points,
and 60 pieces of gold, after 2027 moves.
You were level 3 with a maximum of 32 hit points when you died.

